 Dungeon Crawl Stone Soup version 0.29.1-14-g9c671dbff4 (webtiles) character file.

Game seed: 6853480674321654960

404 McKennaii the Trooper (level 6, -13/53 HPs)
             Began as a Demigod Fighter on Feb 17, 2023.
             Mangled by an ogre
             ... wielding a +0 giant club
              (25 damage)
             ... on level 4 of the Dungeon.
             The game lasted 00:05:46 (4094 turns).

McKennaii the Trooper (Demigod Fighter)             Turns: 4094, Time: 00:05:47

Health: -13/53     AC:  9    Str: 23    XL:     6   Next: 30%
Magic:  8/8        EV:  9    Int: 13    God:
Gold:   218        SH:  5    Dex: 16    Spells: 5/5 levels left

rFire   + . .      SeeInvis +   a - +0 long sword
rCold   + . .      Faith    .   c - +0 buckler
rNeg    . . .      Spirit   .   b - +0 scale mail
rPois   .          Reflect  .   (helmet restricted)
rElec   .          Harm     .   q - scarf {rC+ rF+}
rCorr   .          Rampage  .   h - +1 pair of gloves
Will    .....                   (no boots)
Stlth   ..........              (no amulet)
HPRegen 0.17/turn               n - ring of see invisible
MPRegen 0.11/turn               (no ring)

@: no status effects
A: high MP 1, forlorn, divine attributes, horns 1, agile 1, clever 1, MP-powered
wands
a: no special abilities


You were on level 4 of the Dungeon.
You visited 1 branch of the dungeon, and saw 5 of its levels.

You collected 218 gold pieces.

Inventory:

Hand Weapons
 a - a +0 long sword (weapon)
Armour
 b - a +0 scale mail (worn)
 c - a +0 buckler (worn)
 h - a +1 pair of gloves (worn)
 p - a +2 robe of the Archmagi
 q - a scarf of resistance (worn)
Jewellery
 n - a ring of see invisible (left hand)
Scrolls
 e - a scroll of enchant weapon
 f - a scroll of teleportation
 g - 3 scrolls of identify
Potions
 d - a potion of might
 i - a potion of berserk rage
 j - a potion of mutation
 k - a potion of haste
 l - 2 potions of curing {unknown}
 m - a potion of attraction
 o - a potion of ambrosia {unknown}


   Skills:
 + Level 4.4 Fighting
 + Level 4.0 Long Blades
 - Level 4.4 Armour
 - Level 2.6 Shields
 + Level 0.1 Spellcasting


You had 5 spell levels left.
You didn't know any spells.
Your spell library contained the following spells:

 Spells                   Type           Power      Damage    Failure   Level
 Sting                    Tmut/Pois      0%         1d3       69%         1
 Poisonous Vapours        Pois/Air       0%         N/A       83%         2
 Olgreb's Toxic Radiance  Pois           0%         N/A       100%        4


Dungeon Overview and Level Annotations

Branches:
Dungeon (5/15)
 Temple: D:4-7


Innate Abilities, Weirdness & Mutations

You have an increased reservoir of magic. (+10% MP)
You shall have no god before yourself.
Your divine heritage dramatically boosts your attributes as you level up.
You have a pair of small horns on your head.
You are agile. (Dex +4, Str/Int -1)
Your mind is acute. (Int +4, Str/Dex -1)
You expend magic power (3 MP) to strengthen your wands.


Message History

You block the adder's attack.
You barely miss the adder. You headbutt the adder.
The adder is moderately wounded.
The adder bites you. The adder bites you but does no damage.
You miss the adder. Your headbutt misses the adder.
The adder is moderately wounded.
The adder bites you but does no damage. The adder completely misses you.
You closely miss the adder.
The adder is moderately wounded.
The adder misses you.
You barely miss the adder. You headbutt the adder.
The adder is heavily wounded.
You block the adder's attack. The adder barely misses you.
You barely miss the adder.
The adder is heavily wounded.
The adder bites you but does no damage.
You slash the adder!
You kill the adder!
No target in view!
You see here a jackal corpse.
There is an open door, spattered with blood here.
Things that are here:
a jackal corpse; a dart slug corpse An ogre comes into view.
It is wielding a +0 giant club.
An ogre is nearby!
The ogre hits you with a +0 giant club!!
Ouch! That really hurt!
You are too injured to fight recklessly!
You are too injured to fight recklessly!
You are too injured to fight recklessly!
You are too injured to fight recklessly!
You barely miss the ogre. The ogre hits you with a +0 giant club!
* * * LOW HITPOINT WARNING * * *
You hit the ogre.
The ogre is lightly wounded.
You block the ogre's attack.
You hit the ogre but do no damage. You headbutt the ogre.
The ogre is moderately wounded.
The ogre hits you with a +0 giant club!!
You die...

#########.........#
#.......#.........#
#.......#.........#
#.......††........#
##......#.........#
#......#.........#
##......#.........#
#.......#.........#
#...@...#.........#
##..O...#.........#
#......#.........#
........#.........#
.....###'###.......#
....... .. #.......#
#+###..
.#.#.......### #..
..+.####+#... ##
#...


You could see an ogre.

Vanquished Creatures
  Sigmund (D:2)
  Jessica (D:3)
  An iguana (D:5)
  Natasha (twice) (D:2)
  Terence (D:2)
  Robin (D:1)
  A gnoll (D:1)
  2 adders
  A worm (D:2)
  2 dart slugs
  An orc (D:5)
  7 endoplasms
  3 giant cockroaches
  9 goblins
  7 hobgoblins
  8 jackals
  4 quokkas
  8 ball pythons
  2 bats (D:1)
  2 frilled lizards
  4 kobolds (D:1)
  7 rats
75 creatures vanquished.

Notes
Turn   | Place    | Note
-------+----------+-------------------------------------------
     0 | D:1      | McKennaii the Demigod Fighter began the quest for the Orb.
     0 | D:1      | Reached XP level 1. HP: 18/18 MP: 3/3
     4 | D:1      | Noticed an electric eel
     5 | D:1      | Noticed an electric eel
   128 | D:1      | Reached XP level 2. HP: 23/25 MP: 4/4
  1207 | D:1      | Reached XP level 3. HP: 21/31 MP: 5/5
  1488 | D:2      | Noticed Terence
  1502 | D:2      | Killed Terence
  1605 | D:2      | Noticed Robin
  1870 | D:1      | Killed Robin
  2033 | D:2      | Reached XP level 4. HP: 38/38 MP: 6/6
  2178 | D:2      | Noticed Natasha
  2182 | D:2      | Killed Natasha
  2526 | D:2      | Noticed Sigmund
  2529 | D:2      | Gained mutation: You are dopey. (Int -2) [potion of
                  | mutation]
  2529 | D:2      | Gained mutation: You occasionally lose the ability to read
                  | scrolls when taking damage. [potion of mutation]
  2529 | D:2      | Gained mutation: You are agile. (Dex +4, Str/Int -1)
                  | [potion of mutation]
  2529 | D:2      | Gained mutation: You expend magic power (3 MP) to
                  | strengthen your wands. [potion of mutation]
  2541 | D:2      | Killed Sigmund
  2542 | D:2      | Reached XP level 5. HP: 40/46 MP: 7/7
  2546 | D:2      | Lost mutation: You are dopey. (Int -2) [potion of mutation]
  2546 | D:2      | Lost mutation: You occasionally lose the ability to read
                  | scrolls when taking damage. [potion of mutation]
  2546 | D:2      | Gained mutation: You have a pair of small horns on your
                  | head. [potion of mutation]
  2546 | D:2      | Gained mutation: Your mind is acute. (Int +4, Str/Dex -1)
                  | [potion of mutation]
  2686 | D:2      | Noticed Natasha
  2695 | D:2      | Killed Natasha
  3177 | D:3      | You fall into a shaft and drop 2 floors!
  3177 | D:5      | Entered Level 5 of the Dungeon
  3196 | D:5      | Reached XP level 6. HP: 51/52 MP: 8/8
  3510 | D:3      | Noticed Jessica
  3517 | D:3      | Killed Jessica
  4094 | D:4      | Mangled by an ogre

Illustrated notes

Levels and vault maps discovered:
D:1:      arrival_aquarium_b, layout_rooms
D:2:      layout_basic, uniq_robin, uniq_sigmund, uniq_natasha, uniq_terence
D:3:      layout_loops_cross, mainiacjoe_overflow_cross_hatched,
          serial_co_window_serial, co_window_paths_a, co_window_cross_1,
          co_window_corner_a, co_window_paths_a, co_window_paths_a,
          co_window_paths_a, co_window_paths_a, co_window_corner_b,
          co_window_broadway_c, co_window_corner_b, co_window_cross_3,
          glass_columns_c, glass_columns_b, glass_columns_a,
          portal_sewer_entry_b, uniq_jessica
D:4:      layout_gridville, kennysheep_little_box, tso_altar,
          minmay_temple_entry_statues_pillars, st_stairs_1, minivault_14
D:5:      layout_basic

Skill      XL: |  1  2  3  4  5  6 |
---------------+-------------------+-----
Long Blades    | 2 3 4 |  4.0
Fighting       | 3 4 |  4.4
Armour         | 3 4 |  4.4
Shields        | |  2.6
Spellcasting   | |  0.1

Action                   |  1- 3 |  4- 6 || total
-------------------------+-------+-------++-------
Melee: Long sword        |   143 |   120 ||   263
       Headbutt          |       |    15 ||    15
  Use: Potion            |     1 |     3 ||     4
       Scroll            |     1 |     3 ||     4
Armor: Scale mail        |    99 |    50 ||   149
Dodge: Dodged            |    89 |    56 ||   145
Block: Buckler           |    45 |    28 ||    73
